 Dungeon Crawl Stone Soup version 0.29.1-2-gbd0b4ee654 (webtiles) character file.

Game seed: 15263345748696655002

125 Sabo the Chopper (level 5, 0/33 HPs)
             Began as a Gargoyle Berserker on Nov 12, 2022.
             Was a Believer of Trog.
             Killed from afar by an orc wizard (8 damage)
             ... with a puff of flame
             ... on level 3 of the Dungeon.
             The game lasted 00:15:03 (3248 turns).

Sabo the Chopper (Gargoyle Berserker)               Turns: 3248, Time: 00:15:04

Health: 0/33       AC: 10    Str: 23    XL:     5   Next: 9%
Magic:  5/5        EV: 10    Int:  7    God:    Trog [**....]
Gold:   55         SH:  5    Dex:  9    Spells: 4/4 levels left

rFire   . . .      SeeInvis .   a - +0 hand axe
rCold   . . .      Faith    .   (no shield)
rNeg    + . .      Spirit   .   b - +0 scale mail
rPois   ∞          Reflect  +   (no helmet)
rElec   +          Harm     .   (no cloak)
rCorr   .          Rampage  .   (no gloves)
Will    .....                   (no boots)
Stlth   ..........              k - amulet of reflection
HPRegen 0.11/turn               (no ring)
MPRegen 0.09/turn               (no ring)

@: on berserk cooldown
A: sickness immunity, AC +4, negative energy resistance 1, electricity
resistance, torment resistance 1, petrification resistance
a: Renounce Religion, Berserk, Trog's Hand


You were on level 3 of the Dungeon.
You worshipped Trog.
Trog was pleased with you.
You visited 1 branch of the dungeon, and saw 3 of its levels.

You collected 79 gold pieces.
You spent 24 gold pieces at shops.

Inventory:

Hand Weapons
 a - a +0 hand axe (weapon)
Armour
 b - a +0 scale mail (worn)
 f - the +2 robe "Feuwucku" {Dex+4}
   (You found it on level 3 of the Dungeon)

   Dex:       It affects your dexterity (+4).
Jewellery
 k - an amulet of reflection (around neck)
Wands
 i - a wand of iceblast (11)
Scrolls
 c - a scroll of vulnerability {unknown}
 j - a scroll of teleportation
 l - a scroll of fear {unknown}
 m - a scroll of identify
Potions
 d - 2 potions of heal wounds {unknown}
 e - 3 potions of flight
 g - a potion of degeneration {unknown}
 h - 3 potions of curing


   Skills:
 + Level 3.8 Fighting
 + Level 4.0 Axes
 + Level 3.1 Armour
 + Level 1.9 Dodging
 + Level 0.5 Stealth
 + Level 0.4 Shields


You had 4 spell levels left.
You didn't know any spells.
Your spell library was empty.

Dungeon Overview and Level Annotations

Branches:
Dungeon (3/15)

Altars:
Cheibriados
Makhleb

Shops:
D:1 ?[=[[   D:2 =


Innate Abilities, Weirdness & Mutations

You are immune to sickness and miasma.
Your stone body is resilient. (AC +4)
You are immune to poison.
You resist negative energy. (rN+)
You are resistant to electric shocks. (rElec)
You are resistant to unholy torment.
You are immune to petrification.


Message History

Items here: ! ) [ †.
Something hits you but does no damage. x2
You miss something.
You feel less confused. Something hits you but does no damage.
You block something's attack.
You closely miss something. Something hits you but does no damage.
You miss something. Something hits you but does no damage.
You hear some strange, mumbled words.
A puff of flame appears from out of thin air!
The puff of flame hits you!
You barely miss something.
Something hits you but does no damage. x2
You miss something. Something hits you but does no damage.
You barely miss something. Something hits you but does no damage.
Something hits you.
You barely miss something. Something hits you but does no damage.
You hear some strange, mumbled words.
A puff of flame appears from out of thin air!
The puff of flame hits you.
You barely miss something. Something hits you but does no damage.
You barely miss something. Something hits you but does no damage.
You hear some strange, mumbled words.
You are confused.
You closely miss something.
You feel yourself speed up. Something hits you but does no damage.
You closely miss something.
Something hits you but does no damage. x2
Something hits you. Something hits you.
* * * LOW HITPOINT WARNING * * *
You feel less confused. Something hits you.
* * * LOW HITPOINT WARNING * * *
You closely miss something.
An orc wizard appears from thin air!
Reactivating autopickup.
The orc wizard hits you but does no damage.
You hit the orc wizard.
The orc wizard is moderately wounded.
The orc wizard points at you and mumbles some strange words.
The puff of flame hits you!
You die...

#........#####.....###
#........#####.....####
#........'.###.....####
.........#.##.........#
#........#.##.........+
..##..####.##$.$......##
####....... #...........
....## #.).........
.....'. #))o@.......
......## #)..........
...'...........
....#...........
................
.......#########
.....>># .....#### ...


You could see an orc wizard.

Vanquished Creatures
  Jessica (D:3)
  An orc wizard (D:3)
  A mummy (D:3)
  A worm (D:2)
  A dart slug (D:2)
  8 orcs (D:3)
  3 ball pythons
  3 endoplasms
  2 giant cockroaches (D:2)
  4 goblins
  8 hobgoblins
  3 quokkas
  2 bats
  A frilled lizard (D:2)
  2 kobolds
  4 rats
45 creatures vanquished.

Notes
Turn   | Place    | Note
-------+----------+-------------------------------------------
     0 | D:1      | Sabo the Gargoyle Berserker began the quest for the Orb.
     0 | D:1      | Reached XP level 1. HP: 14/14 MP: 1/1
   425 | D:1      | Found Bayhasut's Armour Shop.
   449 | D:1      | Found Xage's Jewellery Shoppe.
   488 | D:1      | Found Navehiub's Armour Shop.
   605 | D:1      | Found Atuahih's Antique Armour Shoppe.
   613 | D:1      | Reached XP level 2. HP: 19/19 MP: 2/2
   881 | D:1      | Found Jeargh's Magic Scroll Shop.
   891 | D:1      | Bought a scroll of identify for 24 gold pieces
  1174 | D:2      | Reached skill level 3 in Axes
  1329 | D:2      | Found Siymp's Jewellery Boutique.
  1418 | D:2      | Found a burning altar of Makhleb.
  2069 | D:2      | Reached XP level 3. HP: 23/23 MP: 3/3
  2567 | D:3      | Reached XP level 4. HP: 22/29 MP: 4/4
  2728 | D:3      | Identified the +2 robe "Feuwucku" {Dex+4}
  2775 | D:3      | Reached ** piety under Trog
  3053 | D:3      | Found a snail-covered altar of Cheibriados.
  3210 | D:3      | Noticed Jessica
  3226 | D:3      | Killed Jessica
  3227 | D:3      | Reached skill level 4 in Axes
  3227 | D:3      | Reached XP level 5. HP: 33/33 MP: 5/5
  3248 | D:3      | Killed from afar by an orc wizard

Illustrated notes

Levels and vault maps discovered:
D:1:      giann_bridges, layout_basic, serial_shops, nicolae_shop_hallway_plus,
          nicolae_shop_hallway_plus, nicolae_shop_stone,
          nicolae_shop_hallway_stairs, nicolae_shop_behind_doors,
          nicolae_figureground_sparkle
D:2:      minmay_wonky_spiral, layout_basic, basic_altar, serial_shops, shop
D:3:      layout_basic, nicolae_kikubaaqudgha_miasma_corner, slow_altar_1,
          nicolae_concentric_dashed_squares_wild, uniq_jessica

Skill      XL: |  1  2  3  4 |
---------------+-------------+-----
Axes           | 3 4 |  4.0
Armour         | 3 |  3.1
Fighting       | |  3.8
Dodging        | |  1.9
Stealth        | |  0.5
Shields        | |  0.4

Action                   |  1- 3 |  4- 6 || total
-------------------------+-------+-------++-------
Melee: Hand axe          |    97 |    57 ||   154
Invok: Berserk           |     1 |     3 ||     4
  Use: Scroll            |     3 |       ||     3
Armor: Scale mail        |    44 |    29 ||    73
Dodge: Dodged            |    48 |    14 ||    62
Block: Other             |     4 |     7 ||    11
